 Dungeon Crawl Stone Soup version 0.31-a0-446-g07c4bd200f (webtiles) character file.

Game seed: 14371344401366581384

92 Ethylacetat the Insei (level 4, 0/24 HPs)
             Began as a Vine Stalker Monk on Aug 3, 2023.
             Slain by a gnoll
             ... wielding a +0 halberd
              (10 damage)
             ... on level 2 of the Dungeon.
             The game lasted 00:01:25 (1181 turns).

Ethylacetat the Insei (Vine Stalker Monk)           Turns: 1181, Time: 00:01:26

Health: 0/24       AC:  2    Str: 14    XL:     4   Next: 60%
Magic:  0/5        EV: 13    Int: 10    God:
Gold:   88         SH:  0    Dex: 18    Spells: 3/3 levels left

rFire   . .          .
                       - Unarmed
rCold   . . .        c - orb {light}
rNeg    . . .        a - +0 robe
rPois   .            (no helmet)
rElec   .            (no cloak)
rCorr   .            (no gloves)
SInv    .            (no boots)
Will    .....        (no amulet)
Stlth   +            (no ring)
HPRegen 1.04/turn    (no ring)
MPRegen 0.09/turn

%: guardian spirit
@: glowing
A: fangs 2, regeneration 1, magic shield, antimagic bite, no potion heal 2
a: no special abilities


You were on level 2 of the Dungeon.
You visited 1 branch of the dungeon, and saw 2 of its levels.

You collected 88 gold pieces.

Inventory:

Armour
 a - a +0 robe (worn)
 c - an orb of light (worn)
Jewellery
 h - a +6 ring of intelligence
Scrolls
 e - 3 scrolls of identify {unknown}
 f - 3 scrolls of immolation {unknown}
 i - a scroll of noise {unknown}
 j - a scroll of poison {unknown}
 l - 2 scrolls of teleportation {unknown}
Potions
 b - a potion of ambrosia
 d - 2 potions of curing {unknown}
 g - 2 potions of brilliance {unknown}
 k - a potion of enlightenment {unknown}
 m - a potion of resistance {unknown}


   Skills:
 + Level 3.5 Fighting
 + Level 3.1 Dodging
 + Level 3.8 Unarmed Combat


You had 3 spell levels left.
You didn't know any spells.
Your spell library contained the following spells:

 Spells                   Type           Power      Damage    Failure   Level
 Cigotuvi's Dreadful Rot  Necr/Pois/Air  0%         N/A       50%         2
 Ignite Poison            Fire/Tmut/Pois 0%         N/A       75%         3
 Freezing Cloud           Conj/Ice/Air   0%         6-21      100%        5


Dungeon Overview and Level Annotations

Branches:
Dungeon (2/15)

Altars:


Innate Abilities, Weirdness & Mutations

You have extremely sharp teeth.
Your natural rate of healing is unusually fast.
When hurt, damage is shared between your health and your magic reserves.
Your bite disrupts and absorbs the magic of your enemies.
Potions cannot restore your health.


Message History

There are monsters nearby!
You are too injured to fight recklessly!
You are too injured to fight recklessly!
You see here a +0 sling.
The gnoll misses you.
You punch the gnoll! You bite the gnoll, but do no damage.
The gnoll is heavily wounded.
The gnoll barely misses you.
You hit the gnoll but do no damage.
The gnoll is heavily wounded.
You hit the gnoll. You bite the gnoll. You drain its power.
You feel invigorated.
The gnoll is almost dead.
The gnoll barely misses you.
You hit the gnoll.
You kill the gnoll!
You hit the gnoll but do no damage. You bite the gnoll, but do no damage.
The gnoll hits you with a +0 flail.
You barely miss the gnoll. Your bite misses the gnoll.
The gnoll closely misses you.
You completely miss the gnoll. The gnoll closely misses you.
You hit the gnoll.
The gnoll is heavily wounded.
The gnoll hits you with a +0 flail.
You hit the gnoll.
The gnoll is severely wounded.
The gnoll hits you with a +0 flail!
You hit the gnoll.
You kill the gnoll!
You hit the gnoll. You bite the gnoll, but do no damage.
The gnoll is lightly wounded.
The gnoll hits you with a +0 club!
You hit the gnoll. You bite the gnoll. You drain its power.
You feel invigorated.
The gnoll is severely wounded.
The gnoll hits you with a +0 club. The gnoll misses you.
You hit the gnoll.
You kill the gnoll!
The gnoll hits you from afar with a +0 halberd!
You die...

.###..†.#.# #.######..#~≈~~~~#
..#...#...# #.# #####~≈~~.#
.†...###..# #.# ≈~~≈~.# #†_†##
##.# #.# ~≈~≈.# .....####.#
####.### ~≈~~..
..#...#...###......# ~.~..
.###.............###########.
## ##
##..######.######...#.##.##.##
.###..###.....g)@.......[......
#
###..####.#.########....##..###
# ###.###.#.#.##
####.#.....##### ....##.......#
#....####.....<. #(#.##..#.#g.#
#.#### #..##### #.#.##..#.#).#
#.# #.....†. ###.......g..# #.#
######.##### . ..##.##.##.# #.#
#...<..# # #.. .g. #.# #.#
#.######


You could see a gnoll.

Vanquished Creatures
  3 gnolls (D:2)
  3 adders (D:2)
  A worm (D:2)
  A dart slug (D:2)
  2 bats (D:2)
  4 endoplasms
  2 giant cockroaches (D:2)
  A hobgoblin (D:2)
  6 jackals (D:1)
  8 ball pythons
  3 goblins
  4 kobolds (D:1)
  3 rats (D:2)
41 creatures vanquished.

Notes
Turn   | Place    | Note
-------+----------+-------------------------------------------
     0 | D:1      | Ethylacetat the Vine Stalker Monk began the quest for the
                  | Orb.
     0 | D:1      | Reached XP level 1. HP: 11/11 MP: 2/2
   315 | D:1      | Reached XP level 2. HP: 16/16 MP: 3/3
   406 | D:1      | You fall into a shaft and drop 1 floor!
   652 | D:1      | Reached XP level 3. HP: 7/20 MP: 1/4
  1062 | D:2      | Found a faded altar of an unknown god.
  1069 | D:2      | Gained mutation: Your natural rate of healing is unusually
                  | fast. [Vine Stalker growth]
  1069 | D:2      | Reached XP level 4. HP: 24/24 MP: 3/5
  1181 | D:2      | Slain by a gnoll

Illustrated notes

Levels and vault maps discovered:
D:1:      lemuel_arrival_river_bridge, layout_basic,
          ebering_dispersal_statue_hall
D:2:      layout_loops_ring, nicolae_ecumenical_snake_handling,
          grunt_ministairs_15, minmay_misc_feat_nine_boxes,
          chequers_serial_rivers_large_b, chequers_serial_rivers_large_a

Skill      XL: |  1  2  3 |
---------------+----------+-----
Fighting       | 3 |  3.5
Dodging        | 3 |  3.1
Unarmed Combat | |  3.8

Action                     |  1- 3 |  4- 6 || total
---------------------------+-------+-------++-------
  Melee: Unarmed           |    78 |    31 ||   109
         Bite              |    24 |     8 ||    32
 Armour: Robe              |    11 |     3 ||    14
  Dodge: Dodged            |    40 |    21 ||    61

Table legend: (Time is in decaauts)
 A = Elapsed time spent in this place.
 B = Non-inter-level travel time spent in this place.
 C = Inter-level travel time spent in this place.
 D = Time resting spent in this place.
 E = Time spent auto-exploring this place.
 F = Levels seen in this place.
 G = Mean time per level.
                   A        B        C        D        E       F      G
               +--------+--------+--------+--------+--------+-----+--------+
         Total |   1176 |   1169 |      7 |      0 |    950 |   2 |  588.0 |
       Dungeon |   1176 |   1169 |      7 |      0 |    950 |   2 |  588.0 |
               +--------+--------+--------+--------+--------+-----+--------+

Top non-repeatable levels by time:
     D:1: 702 daAuts
     D:2: 473 daAuts
